 Dungeon Crawl Stone Soup version 0.30-a0-862-g1aabd4f9c5 (webtiles) character file.

Game seed: 8290707349255617782

564 retardedninja the Trooper (level 7, -3/62 HPs)
             Began as a Hill Orc Fighter on Mar 8, 2023.
             Was an Initiate of Hepliaklqana.
             Slain by a gnoll
             ... wielding a +1 flail of protection
              (10 damage)
             ... on level 4 of the Dungeon.
             The game lasted 00:04:16 (3611 turns).

retardedninja the Trooper (Hill Orc Fighter)        Turns: 3611, Time: 00:04:17

Health: -3/62      AC: 10    Str: 21    XL:     7   Next: 32%
Magic:  7/7        EV:  9    Int:  8    God:    Hepliaklqana [......]
Gold:   177        SH:  5    Dex: 10    Spells: 6/6 levels left

rFire   . . .      SeeInvis +    a - +0 war axe
rCold   + . .      Faith    .    c - +0 buckler
rNeg    . . .      Spirit   .    q - +2 scale mail {rC+}
rPois   .          Reflect  .    u - +0 helmet
rElec   .          Rampage  .    (no cloak)
rCorr   .                        (no gloves)
Will    .....                    (no boots) Stlth
                                 (no amulet)
HPRegen 0.30/turn                h - ring of see invisible
MPRegen 0.10/turn                e - ring of see invisible

@: mighty, very slow
A: no striking features
a: Renounce Religion


You were on level 4 of the Dungeon.
You worshipped Hepliaklqana.
Hepliaklqana was noncommittal.
You visited 2 branches of the dungeon, and saw 5 of its levels.

You collected 177 gold pieces.

Inventory:

Hand Weapons
 a - a +0 war axe (weapon)
Missiles
 v - 5 boomerangs (quivered)
Armour
 c - a +0 buckler (worn)
 q - a +2 scale mail of cold resistance (worn)
 u - a +0 helmet (worn)
Jewellery
 e - a ring of see invisible (right hand)
 h - a ring of see invisible (left hand)
Scrolls
 b - a scroll of noise {unknown}
 f - 2 scrolls of magic mapping {unknown}
 i - a scroll of vulnerability {unknown}
 j - a scroll of enchant weapon {unknown}
 n - a scroll of poison {unknown}
 r - 2 scrolls of enchant armour {unknown}
 s - 5 scrolls of identify {unknown}
 t - 2 scrolls of fear {unknown}
Potions
 d - a potion of might
 g - 4 potions of brilliance {unknown}
 k - a potion of flight {unknown}
 l - a potion of lignification {unknown}
 m - 3 potions of haste {unknown}
 o - 3 potions of curing {unknown}
 p - a potion of attraction {unknown}


   Skills:
 + Level 5.8 Fighting
 + Level 5.5 Axes
 + Level 5.2 Armour
 + Level 5.3 Shields


You had 6 spell levels left.
You didn't know any spells.
Your spell library contained the following spells:

 Spells                   Type           Power      Damage    Failure   Level
 Foxfire                  Conj/Fire      0%         2x1d4     82%         1
 Fireball                 Conj/Fire      0%         3d3       100%        5
 Starburst                Conj/Fire      0%         6d3       100%        6


Dungeon Overview and Level Annotations

Branches:
Dungeon (4/15)             Temple (1/1) D:4

Altars:
Cheibriados
Hepliaklqana
Nemelex Xobeh
Qazlal
Uskayaw
Wu Jian
Xom
Yredelemnul
Zin

Shops:
D:4 (


Message History

You completely miss the kobold.
The iguana bites you but does no damage.
The kobold hits you with a +0 dagger. The iguana bites you.
The kobold hits you but does no damage.
Your unstable footing causes you to fumble your attack.
The iguana bites you. The kobold hits you but does no damage.
You closely miss the iguana.
The iguana is moderately wounded.
You slash the kobold!
You kill the kobold!
The iguana bites you.
You slash the iguana!
The iguana is almost dead.
You hit the gnoll but do no damage. You block the gnoll's attack.
The iguana bites you but does no damage.
You block the gnoll's attack.
The iguana bites you but does no damage.
Your unstable footing causes you to fumble your attack.
The gnoll completely misses you. The iguana bites you.
You slash the iguana!
You kill the iguana!
You hit the gnoll but do no damage. The gnoll hits you but does no damage.
The gnoll hits you with a +1 flail of protection.
You block the gnoll's attack.
You see here an iguana corpse.
You enter the shallow water.
Moving in this stuff is going to be slow.
The gnoll hits you with a +1 flail of protection.
You closely miss the gnoll. You block the gnoll's attack.
Your unstable footing causes you to fumble your attack.
The gnoll hits you with a +1 flail of protection.
* * * LOW HITPOINT WARNING * * *
Your unstable footing causes you to fumble your attack.
The gnoll hits you but does no damage.
You slash the gnoll!
The gnoll is severely wounded.
The gnoll hits you with a +1 flail of protection!
* * * LOW HITPOINT WARNING * * *
The gnoll hits you with a +1 flail of protection!
You die...

###.# #~###~.#
'†#.########~#:#~~#####
###........~~#.##~....#
....#######~##..#~###.#
....# #~#...#~# #.#
....# #~#.#.#~~ #.#
....# .~#...##~ #.#
###.#
~~#..#†#~##.###### #.#
~~##.#g@#~##......# #.#
~##.#.#.#~#######.# #.#
~# ##.~.##~# #.#
#.#.#.# ~## #.# #~.#.~#
~~# #.# #.#.#.###~# #.#
# ##.~..#~#~# #.# #
#.#..##~~~#####.# #
#~..#~#~#.......#


You could see a gnoll.

Vanquished Creatures
  A human (D:4)
  A kobold brigand (D:4)
  A phantom (D:4)
  A jelly (D:4)
  2 sleepcaps (D:4)
  Terence (D:2)
  An iguana (D:4)
  2 adders
  3 gnolls (D:3)
  A worm (D:3)
  3 dart slugs
  14 orcs (D:3)
  10 endoplasms
  3 giant cockroaches
  4 hobgoblins
  3 quokkas (D:2)
  7 ball pythons
  4 bats
  5 frilled lizards
  6 goblins
  9 kobolds
  A kobold zombie (D:4)
  8 rats
91 creatures vanquished.

Notes
Turn   | Place    | Note
-------+----------+-------------------------------------------
     0 | D:1      | retardedninja the Hill Orc Fighter began the quest for the
                  | Orb.
     0 | D:1      | Reached XP level 1. HP: 19/19 MP: 1/1
    64 | D:1      | Reached XP level 2. HP: 22/27 MP: 2/2
   396 | D:1      | Reached XP level 3. HP: 27/33 MP: 3/3
   686 | D:2      | Noticed Terence
   696 | D:2      | Killed Terence
   697 | D:2      | Reached XP level 4. HP: 36/40 MP: 4/4
  1472 | D:3      | Reached XP level 5. HP: 16/47 MP: 5/5
  1915 | D:3      | Found a stormy altar of Qazlal.
  2670 | D:4      | Noticed a phantom
  2680 | D:4      | Killed a phantom
  2681 | D:4      | Reached skill level 5 in Fighting
  2681 | D:4      | Reached XP level 6. HP: 55/56 MP: 6/6
  2690 | D:4      | Found Mopig's Weapon Shoppe.
  2824 | D:4      | Found a snail-covered altar of Cheibriados.
  2885 | D:4      | Found a runed translucent door.
  2885 | D:4      | Noticed a human
  2939 | D:4      | Found a staircase to the Ecumenical Temple.
  2961 | Temple   | Entered the Ecumenical Temple
  3079 | Temple   | Became a worshipper of Hepliaklqana the Forgotten
  3364 | D:4      | Found a basalt altar of Yredelemnul.
  3394 | D:4      | Killed a human
  3395 | D:4      | Reached skill level 5 in Axes
  3395 | D:4      | Reached skill level 5 in Armour
  3395 | D:4      | Reached skill level 5 in Shields
  3395 | D:4      | Reached XP level 7. HP: 42/61 MP: 7/7
  3611 | D:4      | Slain by a gnoll

Illustrated notes

Levels and vault maps discovered:
D:1:      wander_arrival_chamber, layout_rooms, item_on_display_a
D:2:      layout_loops_cross, minmay_pentomino_t4, uniq_terence
D:3:      layout_basic, mainiacjoe_overflow_alcove_2
D:4:      layout_loops_ring, kennysheep_slug_shrine, dk_yredelemnul_ordeal,
          minmay_temple_entry_poolview, serial_shops, nicolae_shop_stone,
          minmay_manual_mullet
Temple:   nicolae_temple_two_arcs

Skill      XL: |  1  2  3  4  5  6 |
---------------+-------------------+-----
Axes           | 3 4 5 |  5.5
Fighting       | 4 5 |  5.8
Armour         | 4 5 |  5.2
Shields        | 4 5 |  5.3

Action                     |  1- 3 |  4- 6 |  7- 9 || total
---------------------------+-------+-------+-------++-------
  Melee: War axe           |    73 |   181 |    32 ||   286
    Use: Potion            |       |       |     1 ||     1
 Armour: Scale mail        |    25 |    87 |    12 ||   124
  Dodge: Dodged            |    42 |   100 |    15 ||   157
  Block: Buckler           |    17 |    30 |     9 ||    56

Table legend: (Time is in decaauts)
 A = Elapsed time spent in this place.
 B = Non-inter-level travel time spent in this place.
 C = Inter-level travel time spent in this place.
 D = Time resting spent in this place.
 E = Time spent auto-exploring this place.
 F = Levels seen in this place.
 G = Mean time per level.
                   A        B        C        D        E       F      G
               +--------+--------+--------+--------+--------+-----+--------+
         Total |   3725 |   3558 |    167 |    262 |   2587 |   5 |  745.0 |
       Dungeon |   3598 |   3438 |    160 |    262 |   2481 |   4 |  899.5 |
        Temple |    126 |    119 |      7 |      0 |    106 |   1 |  126.0 |
               +--------+--------+--------+--------+--------+-----+--------+

Top non-repeatable levels by time:
     D:3: 1426 daAuts
     D:4: 961 daAuts
     D:2: 715 daAuts
     D:1: 494 daAuts
  Temple: 126 daAuts
